 Dungeon Crawl Stone Soup version 0.23-a0-642-g3120c2f (console) character file.

8 Duffy the Firebug (level 2, 19/19 HPs)
             Began as a Demonspawn Fire Elementalist on Dec 30, 2018.
             Quit the game on level 2 of the Dungeon.
             The game lasted 00:00:39 (504 turns).

Duffy the Firebug (Demonspawn Fire Elementalist)     Turns: 504, Time: 00:00:39

Health: 19/19      AC:  2    Str:  8    XL:     2   Next: 0%
Magic:  1/5        EV: 12    Int: 16    God:
Gold:   16         SH:  0    Dex: 13    Spells: 4/5 levels left

rFire    . . .     SeeInvis .   b - +0 dagger
rCold    . . .     Gourm    .   (no shield)
rNeg     . . .     Faith    .   a - +0 robe
rPois    .         Spirit   .   (helmet restricted)
rElec    .         Reflect  .   (no cloak)
rCorr    .         Harm     .   (no gloves)
MR       .....                  (no boots)
Stlth    ++........             (no amulet)
HPRegen  0.06/turn              (no ring)
MPRegen  0.09/turn              (no ring)

@: no status effects
A: horns 1
a: no special abilities


You were on level 2 of the Dungeon.
You were not hungry.

You visited 1 branch of the dungeon, and saw 2 of its levels.

You collected 16 gold pieces.

Inventory:

Hand Weapons
 b - a +0 dagger (weapon)
Armour
 a - a +0 robe (worn)
Scrolls
 e - a scroll of identify {unknown}
 g - a scroll of enchant weapon {unknown}
Potions
 d - a potion of flight {unknown}
Comestibles
 c - 2 rations
 f - a chunk of flesh


   Skills:
 - Level 1.7 Dodging
 - Level 1.7 Stealth
 + Level 2.2 Spellcasting
 + Level 1.4 Conjurations
 + Level 2.9 Fire Magic


You had 4 spell levels left.
You knew the following spells:

 Your Spells              Type           Power        Failure   Level  Hunger
h - Flame Tongue          Conj/Fire      #....        9%          1    #......

Your spell library contained the following spells:

 Spells                   Type           Power        Failure   Level  Hunger
 Throw Flame              Conj/Fire      #.....       13%         2    ###....
 Conjure Flame            Conj/Fire      #.......     26%         3    ###....
 Inner Flame              Hex/Fire       #.......     32%         3    ###....
 Sticky Flame             Conj/Fire      #.......     63%         4    #####..
 Fireball                 Conj/Fire      #.........   93%         5    ######.


Dungeon Overview and Level Annotations

Branches:
Dungeon (2/15)

Altars:
Nemelex Xobeh
Yredelemnul


Innate Abilities, Weirdness & Mutations

You have a pair of small horns on your head.


Message History

Aiming: Flame Tongue (safe; 9% risk of failure)
Press: ? - help, Shift-Dir - straight line, f - bat
Aim: a bat The flame tongue hits the bat.
The bat is moderately wounded.
The goblin shouts!
The bat closely misses you.
The kobold throws a stone.
The stone misses you.
Casting: Flame Tongue (safe; 9% risk of failure)
Confirm with . or Enter, or press ? or * to list all spells.
Aiming: Flame Tongue (safe; 9% risk of failure)
Press: ? - help, Shift-Dir - straight line, f/p - bat
Aim: a bat (moderately wounded)
The flame tongue hits the bat.
You kill the bat!
You have reached level 2!
You feel monstrous as your demonic heritage exerts itself.
Your demonic ancestry asserts itself...
A pair of horns grows on your head!
The kobold throws a stone.
The stone misses you.
Are you sure you want to abandon this character and quit the game? (Confirm

._. #.# #.#######.# #
#.##......##.##
#.#..###......##
#.#.##%##..<...# #
##.#.#.[)'.#....# #.
##....##.##.# .#.#
#.##..#####'#........
#....##..##@#####.#.###
###..#...%'#rg(.##.#..
#..#....##gKKg.#...#
##.##..###....%#...#
#..####.#.?$.[#.(.#
##......##!?.##...#...
##########..#####........_
#.................##.#....
#.############..#.# .# .?.


You could see 2 hobgoblins, a goblin, 2 kobolds and a rat.

Vanquished Creatures
  A goblin (D:1)
  A hobgoblin (D:2)
  A quokka (D:2)
  A bat (D:2)
  A frilled lizard (D:2)
  3 kobolds
  A rat (D:2)
9 creatures vanquished.

Notes
Turn   | Place    | Note
-------+----------+-------------------------------------------
     0 | D:1      | Duffy the Demonspawn Fire Elementalist began the quest for
                  | the Orb.
     0 | D:1      | Reached XP level 1. HP: 13/13 MP: 3/3
   392 | D:2      | Found a sparkling altar of Nemelex Xobeh.
   411 | D:2      | Found a basalt altar of Yredelemnul.
   503 | D:2      | Gained mutation: You have a pair of small horns on your
                  | head. [demonic ancestry]
   503 | D:2      | Reached XP level 2. HP: 19/19 MP: 1/5
   504 | D:2      | Quit the game

Vault maps used:
D:1:      dpeg_arrival_refuge, okawaru_ov_weapons_minmay
D:2:      lemuel_crystal_altar, old_standard_altar, minmay_joined_circles

Action                   || total
-------------------------++-------
Melee: Dagger            ||     8
 Cast: Flame Tongue      ||    14
Armor: Robe              ||     2
Dodge: Dodged            ||     7

Table legend:
 A = Non-vault XP
 B = Vault XP
 C = Vault XP percentage of total XP
 D = Non-vault monster count
 E = Vault monster count
 F = Vault count percentage of total count
                 A         B        C        D         E       F
            +---------+---------+-------+---------+---------+-------
      Total |       8 |       4 |  33.3 |       6 |       3 |  33.3
            +---------+---------+-------+---------+---------+-------
        D:1 |       3 |       0 |   0.0 |       2 |       0 |   0.0
        D:2 |       5 |       4 |  44.4 |       4 |       3 |  42.9
            +---------+---------+-------+---------+---------+-------
